 Dungeon Crawl Stone Soup version 0.30-a0-149-g7f746667c4 (webtiles) character file.

Game seed: 5806527938840463454

963 qw the Chopper (level 8, 0/49 HPs)
             Began as a Gargoyle Fighter on Sept 26, 2022.
             Slain by a gnoll bouda
             ... wielding a +0 club
              (8 damage)
             ... on level 7 of the Dungeon.
             The game lasted 00:01:43 (5613 turns).

qw the Chopper (Gargoyle Fighter)                   Turns: 5613, Time: 00:01:44

Health: 0/49       AC: 19    Str: 22    XL:     8   Next: 15%
Magic:  8/8        EV: 11    Int:  9    God:
Gold:   382        SH: 10    Dex: 15    Spells: 7/7 levels left

rFire   . . .      SeeInvis .    Y - +1 war axe
rCold   . . .      Faith    .    c - +0 buckler
rNeg    + . .      Spirit   .    j - +0 chain mail
rPois   inf        Reflect  +    f - +0 helmet
rElec   +          Harm     .    k - +1 cloak
rCorr   .          Rampage  .    h - +0 pair of gloves
Will    .....                    (no boots)
Stlth   ..........               o - amulet of reflection
HPRegen 0.16/turn                l - +4 ring of evasion
MPRegen 0.11/turn                i - +6 ring of dexterity

@: about to teleport, weakened
A: sickness immunity, AC +5, negative energy resistance 1, electricity
resistance, torment resistance 1, petrification resistance
a: no special abilities


You were on level 7 of the Dungeon.
You visited 1 branch of the dungeon, and saw 7 of its levels.

You collected 382 gold pieces.


Innate Abilities, Weirdness & Mutations

You are immune to sickness and miasma.
Your stone body is resilient. (AC +5)
You are immune to poison.
You resist negative energy. (rN+)
You are resistant to electric shocks. (rElec)
You are resistant to unholy torment.
You are immune to petrification.


   Skills:
 - Level 5.0 Fighting
 - Level 7.0 Axes
 - Level 2.6 Throwing
 + Level 3.5 Armour
 - Level 1.0 Dodging
 - Level 3.2 Shields


You had 7 spell levels left.
You didn't know any spells.
Your spell library was empty.

Inventory:

Hand Weapons
 s - a +0 morningstar
 Y - a +1 war axe (weapon)
Missiles
 n - 2 javelins (quivered)
Armour
 c - a +0 buckler (worn)
 f - a +0 helmet (worn)
 h - a +0 pair of gloves (worn)
 j - a +0 chain mail (worn)
 k - a +1 cloak (worn)
Jewellery
 i - a +6 ring of dexterity (right hand)
 l - a +4 ring of evasion (left hand)
 o - an amulet of reflection (around neck)
Scrolls
 a - a scroll of identify
 e - a scroll of teleportation
Potions
 b - a potion of resistance
 d - a potion of might
 g - 3 potions of lignification
 m - a potion of ambrosia {unknown}
 p - a potion of attraction
 q - a potion of degeneration {unknown}
 r - a potion of haste

Dungeon Overview and Level Annotations

Branches:
Dungeon (7/15)
 Temple: D:4-7

Altars:
Makhleb
Yredelemnul
Zin

Annotations:
D:7 Joseph


Message History

You feel your attacks grow feeble.
The gnoll bouda hits you but does no damage.
You hit the gnoll bouda.
The gnoll bouda is moderately wounded.
The gnoll bouda hits you but does no damage.
You hit the gnoll bouda.
The gnoll bouda is heavily wounded.
You block the gnoll bouda's attack.
You hit the gnoll bouda but do no damage.
The gnoll bouda is moderately wounded.
The gnoll bouda closely misses you.
The gnoll bouda hits you but does no damage.
You hit Joseph.
Joseph is severely wounded.
You hit the gnoll bouda but do no damage.
Joseph closely misses you.
The gnoll bouda hits you with a +0 club.
5610 ||| READING 2 scrolls of teleportation.
As you read the scroll of teleportation, it crumbles to dust.
You feel strangely unstable.
The gnoll bouda gazes fiercely through you!
You feel as though you will be weak longer.
Joseph closely misses you.
You hit Joseph.
Joseph is almost dead.
You hit the gnoll bouda but do no damage.
Joseph hits you but does no damage. The gnoll bouda completely misses you.
You hit Joseph.
Joseph is almost dead.
You closely miss the gnoll bouda. Joseph hits you but does no damage.
A gnoll comes into view.
It is wielding a +0 spear and carrying a wand of acid (9).
The gnoll bouda closely misses you.
You hit Joseph.
Joseph is almost dead.
You hit the gnoll bouda. Joseph hits you with a +0 quarterstaff.
The gnoll throws a throwing net.
The throwing net misses you.
The gnoll bouda hits you with a +0 club!
You die...

.. . .###
.# ##.. ...
.## #...
..##...#
#....
O@....##
#..$.#
.......#
......#
<#....##
.......###
## g..#
.g....@#.##
....
#....@(.##
...
##...g...#
..
#..#..### .
#.##.##
#Y.#...
#.....#
.....##
...... [...


You could see Joseph, an ice beast, a gnoll bouda and a gnoll.

Vanquished Creatures
  2 ice beasts
  A black bear (D:5)
  2 phantoms
  A necrophage (D:5)
  A howler monkey (D:7)
  3 hounds
  A jelly (D:4)
  A gnoll bouda (D:5)
  Jessica (D:3)
  An iguana (D:6)
  11 gnolls
  4 adders
  A white imp (D:6)
  2 ufetubi
  A dart slug (D:1)
  8 orcs
  8 ball pythons
  3 endoplasms
  2 giant cockroaches
  8 goblins
  10 hobgoblins
  4 jackals
  7 kobolds
  2 quokkas
  7 bats
  2 frilled lizards (D:1)
  5 rats
99 creatures vanquished.

Vanquished Creatures (others)
  8 plants
8 creatures vanquished.

Grand Total: 107 creatures vanquished

Notes
Turn   | Place    | Note
-------+----------+-------------------------------------------
     0 | D:1      | qw the Gargoyle Fighter began the quest for the Orb.
     0 | D:1      | Reached XP level 1. HP: 14/14 MP: 1/1
     0 | D:1      | 0 ||| qw: Version: 0.2-a-10-g399e6c4
     0 | D:1      | 0 ||| qw: Game counter: 533
     0 | D:1      | 0 ||| qw: Always use a shield: true
     0 | D:1      | 0 ||| qw: God list: Okawaru
     0 | D:1      | 0 ||| qw: Allow faded altars: false
     0 | D:1      | 0 ||| qw: Do Orc after D:15 true
     0 | D:1      | 0 ||| qw: Do second Lair branch before Depths: true
     0 | D:1      | 0 ||| qw: Lair rune preference: random
     0 | D:1      | 0 ||| qw: Plans: Normal, Zot:1-4, God:TSO, Crypt, Tomb,
                  | Pan, Slime:5, Hells, Abyss, Orb
     0 | D:1      | 0 ||| PLANNING D:1-11
    60 | D:1      | Reached skill level 2 in Axes
   171 | D:1      | 171 ||| Stepping ~*~*~tactically~*~*~ (stealth).
   172 | D:1      | 172 ||| Stepping ~*~*~tactically~*~*~ (stealth).
   176 | D:1      | 176 ||| Stepping ~*~*~tactically~*~*~ (stealth).
   180 | D:1      | Reached XP level 2. HP: 18/19 MP: 2/2
   209 | D:1      | 209 ||| Stepping ~*~*~tactically~*~*~ (stealth).
   400 | D:1      | 400 ||| DROPPING +0 club.
   444 | D:1      | Reached skill level 3 in Axes
   621 | D:1      | Reached XP level 3. HP: 21/23 MP: 3/3
   661 | D:1      | 661 ||| Stepping ~*~*~tactically~*~*~ (hiding).
   818 | D:1      | 818 ||| DROPPING +0 whip.
  1300 | D:1      | Found a faded altar of an unknown god.
  1356 | D:1      | 1356 ||| UPGRADING to +0 chain mail.
  1366 | D:1      | 1366 ||| DROPPING +0 scale mail.
  1367 | D:1      | 1367 ||| UPGRADING to +4 ring of evasion.
  1368 | D:1      | 1368 ||| READING 3 scrolls labelled YSUJOI VINNONI.
  1369 | D:1      | 1369 ||| READING scroll labelled BAOJA DAUNK.
  1370 | D:1      | 1370 ||| READING scroll labelled QOPSYAR XI CEYLA.
  1471 | D:1      | 1471 ||| READING scroll labelled PIPUMNE CYN.
  1472 | D:1      | 1472 ||| DRINKING 2 bubbling red potions.
  1672 | D:2      | 1672 ||| Stepping ~*~*~tactically~*~*~ (stealth).
  1907 | D:2      | Reached XP level 4. HP: 28/28 MP: 4/4
  2117 | D:2      | 2117 ||| Stepping ~*~*~tactically~*~*~ (stealth).
  2135 | D:2      | Reached skill level 4 in Axes
  2177 | D:2      | 2177 ||| UPGRADING to +0 helmet.
  2182 | D:2      | 2182 ||| UPGRADING to +0 pair of gloves.
  2187 | D:2      | 2187 ||| UPGRADING to +1 cloak.
  2192 | D:2      | 2192 ||| READING 2 scrolls labelled ALUACE TIM NIO.
  2196 | D:2      | 2196 ||| READING 3 scrolls of identify.
  2196 | D:2      | 2196 ||| IDENTIFYING viscous dark potion
  2197 | D:2      | 2197 ||| READING 2 scrolls of identify.
  2197 | D:2      | 2197 ||| IDENTIFYING white potion
  2198 | D:2      | 2198 ||| DROPPING potion of flight.
  2219 | D:3      | Noticed Jessica
  2221 | D:3      | Killed Jessica
  2520 | D:3      | Noticed an ice beast
  2541 | D:3      | Killed an ice beast
  2542 | D:3      | Reached XP level 5. HP: 22/32 MP: 5/5
  2784 | D:3      | 2784 ||| UPGRADING to amulet of reflection.
  2789 | D:3      | 2789 ||| READING scroll labelled XUFAXKUITS.
  2790 | D:3      | 2790 ||| READING 2 scrolls of identify.
  2790 | D:3      | 2790 ||| IDENTIFYING pink potion
  2791 | D:3      | 2791 ||| DROPPING potion of invisibility.
  2892 | D:4      | Found a glowing silver altar of Zin.
  2946 | D:4      | Reached XP level 6. HP: 37/37 MP: 6/6
  3074 | D:4      | 3074 ||| Stepping ~*~*~tactically~*~*~ (hiding).
  3102 | D:4      | HP: 7/37 [gnoll/+0 spear (4)]
  3103 | D:4      | 3103 ||| READING 2 scrolls of teleportation.
  3106 | D:4      | Reached skill level 5 in Axes
  3557 | D:4      | 3557 ||| Stepping ~*~*~tactically~*~*~ (stealth).
  3646 | D:4      | 3646 ||| DROPPING amulet of regeneration.
  3647 | D:4      | 3647 ||| UPGRADING to +6 ring of dexterity.
  3648 | D:4      | 3648 ||| READING scroll labelled QEUKUP IQOMP.
  3666 | D:5      | Entered Level 5 of the Dungeon
  3739 | D:5      | Reached skill level 1 in Dodging
  3754 | D:5      | Reached XP level 7. HP: 26/43 MP: 7/7
  3984 | D:5      | Reached skill level 6 in Axes
  4585 | D:5      | 4585 ||| READING scroll labelled ACZENI IMEX.
  4586 | D:5      | 4586 ||| DRINKING 2 cyan potions.
  4587 | D:5      | 4587 ||| READING 2 scrolls of identify.
  4587 | D:5      | 4587 ||| IDENTIFYING fizzy ruby potion
  4669 | D:6      | 4669 ||| DROPPING +0 flail.
  4994 | D:6      | Reached skill level 7 in Axes
  5137 | D:6      | Found a basalt altar of Yredelemnul.
  5205 | D:6      | Reached XP level 8. HP: 48/48 MP: 8/8
  5296 | D:6      | Found a burning altar of Makhleb.
  5465 | D:6      | 5465 ||| DROPPING +0 scale mail of positive energy.
  5475 | D:6      | 5475 ||| READING scroll labelled REARIKYCHU.
  5476 | D:6      | 5476 ||| READING scroll labelled BAIKUS DESIZI.
  5531 | D:7      | Noticed Joseph
  5547 | D:7      | HP: 6/49 [ogre/+0 giant spiked club (13)]
  5548 | D:7      | 5548 ||| READING 4 scrolls of teleportation.
  5551 | D:7      | 5551 ||| Stepping ~*~*~tactically~*~*~ (stealth).
  5552 | D:7      | 5552 ||| Stepping ~*~*~tactically~*~*~ (stealth).
  5553 | D:7      | 5553 ||| READING 3 scrolls of teleportation.
  5600 | D:7      | 5600 ||| Stepping ~*~*~tactically~*~*~ (hiding).
  5609 | D:7      | HP: 11/49 [gnoll bouda/+0 club (5)]
  5610 | D:7      | 5610 ||| READING 2 scrolls of teleportation.
  5613 | D:7      | Slain by a gnoll bouda

Levels and vault maps discovered:
D:1:      psy_arrival_radial02, layout_basic,
          shapermc_ecumenical_altar_hornbeckon, serial_bayou_ford_a,
          minmay_tetromino_i2
D:2:      layout_basic, guppyfry_early_lair_pool
D:3:      layout_basic, kennysheep_generic_room_14, uniq_jessica
D:4:      layout_basic, lemuel_round_altar
D:5:      layout_basic
D:6:      layout_gridville, general_overflow_altar, yredelemnul_altar_generic
D:7:      layout_cave_pools, minmay_temple_entry_hall, serial_shops,
          nicolae_shop_stone, enter_bailey_6, uniq_joseph

Skill      XL: |  1  2  3  4  5  6  7  8 |
---------------+-------------------------+-----
Axes           | 2 3 4 5 7 |  7.0
Throwing       | 2 |  2.6
Fighting       | 4 5 |  5.0
Dodging        | 1 |  1.0
Armour         | |  3.5
Shields        | |  3.2

Action                   |  1- 3 |  4- 6 |  7- 9 || total
-------------------------+-------+-------+-------++-------
Melee: War axe           |   111 |   148 |    69 ||   328
Throw: Javelin           |       |    21 |    17 ||    38
  Use: Scroll            |     4 |     7 |     7 ||    18
       Potion            |     1 |       |     1 ||     2
Armor: Scale mail        |    29 |       |       ||    29
       Chain mail        |    18 |    77 |    46 ||   141
Dodge: Dodged            |    53 |    74 |    38 ||   165
Block: Buckler           |    18 |    52 |    41 ||   111

Table legend:
 A = Non-vault XP
 B = Vault XP
 C = Vault XP percentage of total XP
 D = Non-vault monster count
 E = Vault monster count
 F = Vault count percentage of total count
                 A         B        C        D         E       F
            +---------+---------+-------+---------+---------+-------
      Total |    1202 |     175 |  12.7 |      95 |       4 |   4.0
            +---------+---------+-------+---------+---------+-------
        D:1 |      46 |       4 |   8.0 |      27 |       1 |   3.6
        D:2 |      51 |       0 |   0.0 |      17 |       0 |   0.0
        D:3 |      14 |     171 |  92.4 |       7 |       3 |  30.0
        D:4 |     236 |       0 |   0.0 |      22 |       0 |   0.0
        D:5 |     470 |       0 |   0.0 |      13 |       0 |   0.0
        D:6 |     277 |       0 |   0.0 |       6 |       0 |   0.0
        D:7 |     108 |       0 |   0.0 |       3 |       0 |   0.0
            +---------+---------+-------+---------+---------+-------
